BSA
SAN FRANCISCO BANDITS @ KALAMAZOO ROYALE WITH CHEESE
08/11/2024
 
TOP OF THE 1ST
San Francisco Bandits batting - Pitching for Kalamazoo Royale with Cheese : RHP Jason Taylor
Pitching: RHP Jason Taylor
Batting: RHB Pete Rideout 0-0: Called Strike
0-1: Reached on error, E3 (Groundball, 34S)
Batting: LHB John Peterson 0-0: Ball
1-0: Fly out, F7 (Flyball, 7S)
Batting: RHB Jorge Morales 0-0: Called Strike
0-1: Ball
1-1: Ball
2-1: Fly out, F6 (Popup, 5L)
Batting: RHB Michael Elliott 0-0: Called Strike
0-1: Ball
1-1: Ball
2-1: Fly out, F8 (Popup, 6MD)
Top of the 1st over - 0 run(s), 0 hit(s), 1 error(s), 1 left on base; San Francisco 0 - Kalamazoo 0
BOTTOM OF THE 1ST
Kalamazoo Royale with Cheese batting - Pitching for San Francisco Bandits : RHP Álex Rodríguez
Pitching: RHP Álex Rodríguez
Batting: LHB Bill Hall 0-0: Ball
1-0: Foul Ball, location: 2F
1-1: Reached on Error, E5 (Popup, 56)
Batting: RHB Run-ming Zhu 0-0: Called Strike
0-1: Ball
1-1: Ball
2-1: Ball
3-1: Foul Ball, location: 2F
3-2: Foul Ball, location: 2F
3-2: Grounds into double play, 5-4-3 (Groundball, 5L)
Batting: LHB Jacob Wright 0-0: Foul Ball, location: 2F
0-1: Ball
1-1: Foul Ball, location: 2F
1-2: Ball
2-2: Ground out 4-3 (Groundball, 4)
Bottom of the 1st over - 0 run(s), 0 hit(s), 1 error(s), 0 left on base; San Francisco 0 - Kalamazoo 0
TOP OF THE 2ND
San Francisco Bandits batting - Pitching for Kalamazoo Royale with Cheese : RHP Jason Taylor
Batting: RHB Cory Foster 0-0: Ball
1-0: Ball
2-0: Called Strike
2-1: Swinging Strike
2-2: Strikes out swinging
Batting: LHB Francisco Calderón 0-0: Foul Ball, location: 2F
0-1: Swinging Strike
0-2: Ball
1-2: Ball
2-2: Ball
3-2: Strikes out swinging
Batting: SHB Vicente Ricks 0-0: Ball
1-0: Called Strike
1-1: Ground out 4-3 (Groundball, 4)
Top of the 2nd over - 0 run(s), 0 hit(s), 0 error(s), 0 left on base; San Francisco 0 - Kalamazoo 0
BOTTOM OF THE 2ND
Kalamazoo Royale with Cheese batting - Pitching for San Francisco Bandits : RHP Álex Rodríguez
Batting: RHB Miguel Encarnación 0-0: Ball
1-0: Called Strike
1-1: Ball
2-1: Fly out, F6 (Popup, 6MD)
Batting: LHB Francisco Torres 0-0: Ball
1-0: Ball
2-0: Ball
3-0: Called Strike
3-1: Base on Balls
Batting: LHB Ben Moss 0-0: Called Strike
0-1: Foul Ball, location: 2F
0-2: Ball
1-2: Ball
2-2: Foul Ball, location: 2F
2-2: Foul Ball, location: 2F
2-2: Foul Ball, location: 2F
2-2: Grounds into double play, 4-6-3 (Groundball, 4)
Bottom of the 2nd over - 0 run(s), 0 hit(s), 0 error(s), 0 left on base; San Francisco 0 - Kalamazoo 0
TOP OF THE 3RD
San Francisco Bandits batting - Pitching for Kalamazoo Royale with Cheese : RHP Jason Taylor
Batting: RHB Susumu Sugiyama 0-0: Ball
1-0: Called Strike
1-1: Called Strike
1-2: Fly out, F7 (Line Drive, 7S)
Batting: RHB Jorge Díaz 0-0: Foul Ball, location: 2F
0-1: Ball
1-1: Called Strike
1-2: Ball
2-2: Strikes out swinging
Batting: RHB Pete Rideout 0-0: Ball
1-0: SOLO HOME RUN (Flyball, 7D), Distance : 391 ft
Batting: LHB John Peterson 0-0: Ball
1-0: Ball
2-0: Called Strike
2-1: Swinging Strike
2-2: Ground out U3 (Groundball, 3S)
Top of the 3rd over - 1 run(s), 1 hit(s), 0 error(s), 0 left on base; San Francisco 1 - Kalamazoo 0
BOTTOM OF THE 3RD
Kalamazoo Royale with Cheese batting - Pitching for San Francisco Bandits : RHP Álex Rodríguez
Batting: LHB Jack Hewat 0-0: Called Strike
0-1: Foul Ball, location: 2F
0-2: Ball
1-2: Ball
2-2: Ball
3-2: Ground out 4-3 (Groundball, 4MS)
Batting: SHB Jack Fountain 0-0: Ball
1-0: Foul Ball, location: 2F
1-1: Foul Ball, location: 2F
1-2: SOLO HOME RUN (Flyball, 89XD), Distance : 418 ft
Batting: LHB Dave Pitts 0-0: Foul Ball, location: 2F
0-1: Ground out 2-3 (Groundball, 2L)
Batting: LHB Bill Hall 0-0: Called Strike
0-1: Called Strike
0-2: Ball
1-2: Ball
2-2: Foul Ball, location: 2F
2-2: Ground out 1-3 (Groundball, 15)
Bottom of the 3rd over - 1 run(s), 1 hit(s), 0 error(s), 0 left on base; San Francisco 1 - Kalamazoo 1
TOP OF THE 4TH
San Francisco Bandits batting - Pitching for Kalamazoo Royale with Cheese : RHP Jason Taylor
Batting: RHB Jorge Morales 0-0: Foul Ball, location: 2F
0-1: Ball
1-1: Foul Ball, location: 2F
1-2: Ground out 2-3 (Groundball, 23)
Batting: RHB Michael Elliott 0-0: Ball
1-0: Called Strike
1-1: Ball
2-1: Ball
3-1: SINGLE (Groundball, 4MD)
Batting: RHB Cory Foster 0-0: Ball
1-0: Called Strike
Michael Elliott steals 2nd base
1-1: Foul Ball, location: 2F
1-2: Ball
2-2: Strikes out looking
Batting: LHB Francisco Calderón 0-0: SINGLE (Groundball, 6MD)
Michael Elliott to third
Runner from 3rd tries for Home, SAFE, no throw or cutoff
Batting: SHB Vicente Ricks 0-0: Ball
1-0: Foul Ball, location: 2F
1-1: Foul Ball, location: 2F
1-2: Strikes out swinging
Top of the 4th over - 1 run(s), 2 hit(s), 0 error(s), 1 left on base; San Francisco 2 - Kalamazoo 1
BOTTOM OF THE 4TH
Kalamazoo Royale with Cheese batting - Pitching for San Francisco Bandits : RHP Álex Rodríguez
Batting: RHB Run-ming Zhu 0-0: Called Strike
0-1: Ball
1-1: Swinging Strike
1-2: Ball
2-2: Ball
3-2: Foul Ball, location: 2F
3-2: Ground out 1-3 (Groundball, 13)
Batting: LHB Jacob Wright 0-0: Foul Ball, location: 2F
0-1: Ball
1-1: Ball
2-1: Ball
3-1: Ground out U3 (Groundball, 3)
Batting: RHB Miguel Encarnación 0-0: Called Strike
0-1: Foul Ball, location: 2F
0-2: Foul Ball, location: 2F
0-2: Ball
1-2: Strikes out swinging
Bottom of the 4th over - 0 run(s), 0 hit(s), 0 error(s), 0 left on base; San Francisco 2 - Kalamazoo 1
TOP OF THE 5TH
San Francisco Bandits batting - Pitching for Kalamazoo Royale with Cheese : RHP Jason Taylor
Batting: RHB Susumu Sugiyama 0-0: SINGLE (Line Drive, 6MD)
Batting: RHB Jorge Díaz 0-0: Ball
1-0: Called Strike
1-1: Ball
2-1: Fly out, F6 (Popup, 5)
Batting: RHB Pete Rideout 0-0: Called Strike
0-1: Foul Ball, location: 2F
0-2: Fielders Choice at 2nd, 5-4 (Groundball, 56)
Batting: LHB John Peterson 0-0: Foul Ball, location: 2F
0-1: Ball
1-1: Called Strike
1-2: Ground out 3-1 (Groundball, 34S)
Top of the 5th over - 0 run(s), 1 hit(s), 0 error(s), 1 left on base; San Francisco 2 - Kalamazoo 1
BOTTOM OF THE 5TH
Kalamazoo Royale with Cheese batting - Pitching for San Francisco Bandits : RHP Álex Rodríguez
Batting: LHB Francisco Torres 0-0: Ball
1-0: Ground out 4-3 (Groundball, 34D)
Batting: LHB Ben Moss 0-0: Ball
1-0: Ball
2-0: Ball
3-0: Called Strike
3-1: Foul Ball, location: 2F
3-2: Foul Ball, location: 2F
3-2: Strikes out looking
Batting: LHB Jack Hewat 0-0: Called Strike
0-1: Foul Ball, location: 2F
0-2: Ball
1-2: Foul Ball, location: 2F
1-2: Ball
2-2: Ball
3-2: SINGLE (Groundball, 23) (infield hit)
Batting: SHB Jack Fountain 0-0: Foul Ball, location: 2F
0-1: 2-RUN HOME RUN (Line Drive, 89XD), Distance : 430 ft
Batting: LHB Dave Pitts 0-0: Called Strike
0-1: Ball
1-1: Foul Ball, location: 2F
1-2: Ball
2-2: Strikes out swinging
Bottom of the 5th over - 2 run(s), 2 hit(s), 0 error(s), 0 left on base; San Francisco 2 - Kalamazoo 3
TOP OF THE 6TH
San Francisco Bandits batting - Pitching for Kalamazoo Royale with Cheese : RHP Jason Taylor
Batting: RHB Jorge Morales 0-0: Ball
1-0: Swinging Strike
1-1: Foul Ball, location: 2F
1-2: Foul Ball, location: 2F
1-2: Ball
2-2: Ball
3-2: Foul Ball, location: 2F
3-2: Strikes out swinging
Batting: RHB Michael Elliott 0-0: Swinging Strike
0-1: Foul Ball, location: 2F
0-2: Foul Ball, location: 2F
0-2: Strikes out swinging
Batting: RHB Cory Foster 0-0: Ball
1-0: Foul Ball, location: 2F
1-1: Ball
2-1: Ball
3-1: Base on Balls
Batting: LHB Francisco Calderón 0-0: Called Strike
0-1: Called Strike
0-2: Ball
1-2: Foul Ball, location: 2F
1-2: Ground out U3 (Groundball, 3S)
Top of the 6th over - 0 run(s), 0 hit(s), 0 error(s), 1 left on base; San Francisco 2 - Kalamazoo 3
BOTTOM OF THE 6TH
Kalamazoo Royale with Cheese batting - Pitching for San Francisco Bandits : RHP Álex Rodríguez
Pitching: RHP Pedro Castillo
Batting: LHB Bill Hall 0-0: Ball
1-0: Ball
2-0: Called Strike
2-1: Ground out U3 (Groundball, 3)
Batting: RHB Run-ming Zhu 0-0: Foul Ball, location: 2F
0-1: Called Strike
0-2: Strikes out looking
Batting: LHB Jacob Wright 0-0: Called Strike
0-1: Called Strike
0-2: Strikes out looking
Bottom of the 6th over - 0 run(s), 0 hit(s), 0 error(s), 0 left on base; San Francisco 2 - Kalamazoo 3
TOP OF THE 7TH
San Francisco Bandits batting - Pitching for Kalamazoo Royale with Cheese : RHP Jason Taylor
Batting: SHB Vicente Ricks 0-0: Foul Ball, location: 2F
0-1: Ground out 4-3 (Groundball, 34)
Batting: RHB Susumu Sugiyama 0-0: Ball
1-0: SINGLE (Line Drive, 8LS)
Batting: RHB Jorge Díaz 0-0: Swinging Strike
0-1: Foul Ball, location: 2F
0-2: Strikes out swinging
Pinch Hitting: LHB Germán Rivas 0-0: Ball
1-0: Foul Ball, location: 2F
1-1: Foul Ball, location: 2F
1-2: Strikes out looking
Top of the 7th over - 0 run(s), 1 hit(s), 0 error(s), 1 left on base; San Francisco 2 - Kalamazoo 3
BOTTOM OF THE 7TH
Kalamazoo Royale with Cheese batting - Pitching for San Francisco Bandits : RHP Pedro Castillo
Now at 2B: Culley Douglas
Batting: RHB Miguel Encarnación 0-0: Foul Ball, location: 2F
0-1: Foul Ball, location: 2F
0-2: Ball
1-2: Fly out, F8 (Flyball, 8LM)
Batting: LHB Francisco Torres 0-0: Ball
1-0: Ball
2-0: Ground out U3 (Groundball, 3S)
Batting: LHB Ben Moss 0-0: Called Strike
0-1: Ball
1-1: Ball
2-1: Foul Ball, location: 2F
2-2: SINGLE (Groundball, 3L)
Batting: LHB Jack Hewat 0-0: Ball
1-0: Called Strike
1-1: Ball
2-1: Called Strike
2-2: Ball
3-2: Foul Ball, location: 2F
3-2: SINGLE (Line Drive, 8RS)
Ben Moss to second
Ben Moss to third
Pinch Hitting: RHB Juan Mendoza 0-0: Ball
1-0: Called Strike
1-1: Ball
2-1: Foul Ball, location: 2F
2-2: Foul Ball, location: 2F
2-2: Foul Ball, location: 2F
2-2: Strikes out swinging
Bottom of the 7th over - 0 run(s), 2 hit(s), 0 error(s), 2 left on base; San Francisco 2 - Kalamazoo 3
TOP OF THE 8TH
San Francisco Bandits batting - Pitching for Kalamazoo Royale with Cheese : RHP Jason Taylor
Pitching: LHP Morgan McDormand
Now in CF: Juan Mendoza
Batting: LHB John Peterson 0-0: Ball
1-0: Foul Ball, location: 2F
1-1: Ground out 4-3 (Groundball, 4)
Pitching: RHP Fergus Wakeford
Batting: RHB Jorge Morales 0-0: Foul Ball, location: 2F
0-1: Ball
1-1: Foul Ball, location: 2F
1-2: Ground out 5-3 (Groundball, 5S)
Batting: RHB Michael Elliott 0-0: Ball
1-0: Called Strike
1-1: Called Strike
1-2: Ground out 6-3 (Groundball, 6)
Top of the 8th over - 0 run(s), 0 hit(s), 0 error(s), 0 left on base; San Francisco 2 - Kalamazoo 3
BOTTOM OF THE 8TH
Kalamazoo Royale with Cheese batting - Pitching for San Francisco Bandits : RHP Pedro Castillo
Pitching: RHP Carlos Ruíz
Batting: LHB Dave Pitts 0-0: Swinging Strike
0-1: Called Strike
0-2: Ball
1-2: Strikes out swinging
Batting: LHB Bill Hall 0-0: Ball
1-0: Ball
2-0: Ball
3-0: Base on Balls
Batting: RHB Run-ming Zhu 0-0: Ball
1-0: Called Strike
1-1: Foul Ball, location: 2F
1-2: Strikes out swinging
Batting: LHB Jacob Wright 0-0: Called Strike
0-1: Ground out 4-3 (Groundball, 4)
Bottom of the 8th over - 0 run(s), 0 hit(s), 0 error(s), 1 left on base; San Francisco 2 - Kalamazoo 3
TOP OF THE 9TH
San Francisco Bandits batting - Pitching for Kalamazoo Royale with Cheese : RHP Fergus Wakeford
Pitching: RHP Juan González
Pinch Hitting: LHB Charles-Antoine Champagne 0-0: Called Strike
0-1: Foul Ball, location: 2F
0-2: Foul Ball, location: 2F
0-2: Ball
1-2: Foul Ball, location: 2F
1-2: SOLO HOME RUN (Line Drive, 9D), Distance : 381 ft
Batting: LHB Francisco Calderón 0-0: Swinging Strike
0-1: Fly out, F8 (Flyball, 8LS)
Batting: SHB Vicente Ricks 0-0: Called Strike
0-1: SINGLE (Line Drive, 8RS)
Batting: RHB Susumu Sugiyama 0-0: Ball
Passed Ball!
Vicente Ricks to second
1-0: Foul Ball, location: 2F
1-1: Ball
2-1: Foul Ball, location: 2F
2-2: Fly out, F9 (Flyball, 89M)
Batting: RHB Jorge Díaz 0-0: Ball
1-0: Foul Ball, location: 2F
1-1: Called Strike
1-2: Strikes out swinging
Top of the 9th over - 1 run(s), 2 hit(s), 0 error(s), 1 left on base; San Francisco 3 - Kalamazoo 3
BOTTOM OF THE 9TH
Kalamazoo Royale with Cheese batting - Pitching for San Francisco Bandits : RHP Carlos Ruíz
Now in LF: Charles-Antoine Champagne
Batting: RHB Miguel Encarnación 0-0: Ball
1-0: Ball
2-0: Ball
3-0: Base on Balls
Batting: LHB Francisco Torres 0-0: Called Strike
0-1: Foul Ball, location: 2F
0-2: Ball
1-2: Grounds into double play, 6-4-3 (Groundball, 6)
Batting: LHB Ben Moss 0-0: Foul Ball, location: 2F
0-1: Ball
1-1: Ground out 6-3 (Groundball, 6)
Bottom of the 9th over - 0 run(s), 0 hit(s), 0 error(s), 0 left on base; San Francisco 3 - Kalamazoo 3
TOP OF THE 10TH
San Francisco Bandits batting - Pitching for Kalamazoo Royale with Cheese : RHP Juan González
Batting: RHB Culley Douglas 0-0: Fly out, F9 (Flyball, 9M)
Batting: LHB John Peterson 0-0: Ball
1-0: Fly out, F4 (Popup, 34)
Batting: RHB Jorge Morales 0-0: Ball
1-0: Foul Ball, location: 2F
1-1: Called Strike
1-2: Ball
2-2: Foul Ball, location: 2F
2-2: Strikes out swinging
Top of the 10th over - 0 run(s), 0 hit(s), 0 error(s), 0 left on base; San Francisco 3 - Kalamazoo 3
BOTTOM OF THE 10TH
Kalamazoo Royale with Cheese batting - Pitching for San Francisco Bandits : RHP Carlos Ruíz
Pitching: RHP José Rivera
Batting: LHB Jack Hewat 0-0: Called Strike
0-1: Foul Ball, location: 2F
0-2: Strikes out swinging
Batting: RHB Juan Mendoza 0-0: Ball
1-0: SOLO HOME RUN (Line Drive, 7D), Distance : 404 ft
This league is powered by Out of the Park Baseball, the baseball management simulation game for PC, Mac and Linux
Saturday, April 9th, 2016 - OOTP Baseball 16.8 Build 38